[Event "Austria Championship Blitz 2024"]
[Site "Innsbruck"]
[Date "2024.06.01"]
[Round "7.23"]
[White "Neubauer, Anton"]
[Black "Schranzhofer, Marco"]
[Result "0-1"]
[ECO "B13"]
[WhiteElo "1857"]
[BlackElo "1908"]
[Annotator "RC"]
[PlyCount "50"]
[EventDate "2024.06.01"]
[EventType "swiss"]
[EventCountry "AUT"]
[SourceTitle "playchess.com"]
[Source "ChessBase"]
[SourceQuality "1"]
[TimeControl "180+2"]

1. e4 c6 2. d4 d5 3. exd5 cxd5 4. Nf3 Nf6 5. Bd3 Nc6 6. h3 Qc7 7. O-O e6 8. c3 Bd6 9. Re1 h6 10. Nbd2 O-O 11. Nf1 e5 12. dxe5 Nxe5 13. Nxe5 Bxe5 14. Be3 Bd7 15. Nd2 Rfe8 16. Nf3 Bf4 17. Qd2 Bxe3 18. Rxe3 Rxe3 19. Qxe3 a6 20. Nd4 Re8 21. Qf3 Qe5 22. Kf1 Ne4 23. Qd1 Qh2 24. Ne2 Nc5 25. Bc2 Bb5 0-1

[Event "Austria Championship Blitz 2024"]
[Site "Innsbruck"]
[Date "2024.06.01"]
[Round "8.1"]
[White "Schwabeneder, Florian"]
[Black "Horvath, Dominik"]
[Result "1/2-1/2"]
[ECO "A05"]
[WhiteElo "2405"]
[BlackElo "2554"]
[Annotator "TA"]
[PlyCount "128"]
[EventDate "2024.06.01"]
[EventType "swiss"]
[EventCountry "AUT"]
[SourceTitle "playchess.com"]
[Source "ChessBase"]
[SourceQuality "1"]
[TimeControl "180+2"]

1. Nf3 d5 2. g3 g6 3. Bg2 Bg7 4. O-O Nf6 5. b3 c5 6. Bb2 O-O 7. c4 d4 8. b4 Nfd7 9. d3 e5 {[%emt 0:00:02] A05: Réti Opening: 1 Nf3 Nf6.} 10. b5 a5 11. Re1 $146 ({Predecessor:} 11. Nbd2 Ra7 12. Qc2 b6 13. e3 Re8 14. Rae1 Nf6 15. a4 Rae7 16. e4 Nbd7 17. Nb3 {0-1 Harutjunyan,G (2446)-Padmini,R (2302) Nagpur op 2012 (5)}) 11... f5 12. Qc2 Re8 13. Nfd2 Ra7 14. e3 b6 15. a4 Bb7 16. e4 Nf6 17. Bh3 fxe4 18. Nxe4 Nxe4 19. dxe4 Nd7 20. Bc1 Nf8 21. Qd3 Bc8 22. Bxc8 Qxc8 23. Nd2 Rf7 24. Rf1 Ne6 (24... Qh3 {is interesting.} 25. Nf3 Ne6 26. Ne1 Nd8) 25. Nf3 Ref8 26. Ne1 h5 (26... Nd8 {seems wilder.} 27. Kg2 Nb7 28. Ra2 Nd6) 27. f3 Kh7 28. Ra2 Bh6 29. Bxh6 Kxh6 30. Raf2 Kg7 31. h4 Qd8 32. Qd2 Kh7 33. Nd3 Qd6 34. f4 exf4 35. gxf4 Qe7 36. f5 $2 (36. Rh2 $15) 36... gxf5 $19 37. exf5 Rg8+ ({Less strong is} 37... Ng7 38. f6 Rxf6 39. Rxf6 Rxf6 40. Rf4 $19) 38. Kh1 Qxh4+ 39. Rh2 Qe4+ 40. Rg2 Rxf5 (40... Rxg2 $142 41. Qxg2 Qxd3) 41. Rxf5 Qxf5 42. Rxg8 Kxg8 43. Qg2+ Kf7 44. Nf2 Qe5 45. Qb7+ Qc7 46. Qf3+ Qf4 47. Qxh5+ Ke7 (47... Kg7 $142 {[%cal Of4h6] And now ...Qh6! would win.} 48. Qe2 Qe3 49. Qg4+ Ng5) 48. Kg2 $2 {[%emt 0:00:03] [#]} (48. Qh7+ Kd6 49. Qh5) 48... d3 $2 (48... Qg5+ $1 $19 49. Qg4 (49. Qxg5+ Nxg5) 49... Qxg4+ 50. Nxg4 Nf4+ 51. Kg3 Nd3) 49. Qh7+ $11 Kd6 50. Qxd3+ Kc7 51. Qg3 Qxg3+ 52. Kxg3 Nd4 53. Nd3 Ne2+ 54. Kf2 Nc3 55. Nb2 Kd6 56. Ke3 Ke5 57. Kd3 Ne4 58. Ke3 Nd6 59. Kd3 Kf4 60. Nd1 {[%emt 0:00:02] [#]} Ne4 ({Black should try} 60... Nf7 $1 $17) 61. Ne3 $11 Nf6 62. Ng2+ Ke5 63. Ne3 Kf4 64. Ng2+ Ke5 1/2-1/2

[Event "Austria Championship Blitz 2024"]
[Site "Innsbruck"]
[Date "2024.06.01"]
[Round "8.2"]
[White "Platzgummer, Fabian"]
[Black "Kruckenhauser, Arthur"]
[Result "1-0"]
[ECO "A37"]
[WhiteElo "2311"]
[BlackElo "2340"]
[Annotator "RC"]
[PlyCount "89"]
[EventDate "2024.06.01"]
[EventType "swiss"]
[EventCountry "AUT"]
[SourceTitle "playchess.com"]
[Source "ChessBase"]
[SourceQuality "1"]
[TimeControl "180+2"]

1. Nf3 c5 2. c4 Nc6 3. Nc3 g6 4. g3 Bg7 5. Bg2 e5 6. O-O Nge7 7. Ne1 d6 8. Nc2 Be6 9. Ne3 O-O 10. Ned5 f5 11. d3 Rb8 12. Rb1 a6 13. a4 Nb4 14. Nxb4 cxb4 15. Nd5 Nxd5 16. cxd5 Bd7 17. Qb3 a5 18. Be3 f4 19. Bd2 Qb6 20. Rbc1 Rbc8 21. Rxc8 Bxc8 22. Bf3 g5 23. g4 Bd7 24. Rc1 Rc8 25. Rxc8+ Bxc8 26. Qc4 Bd7 27. b3 Qd8 28. h3 Qb8 29. Be4 b5 30. axb5 Bxb5 31. Qc2 Bd7 32. Kg2 Qc8 33. Qa2 Qc7 34. Be1 Be8 35. f3 Qa7 36. Bxb4 Qe3 37. Bxa5 h5 38. Qd2 Qd4 39. Bc3 Qa7 40. b4 hxg4 41. hxg4 Bb5 42. Qc1 Bf8 43. Qh1 Be8 44. Bf5 Bf7 45. Qh7# 1-0

[Event "Austria Championship Blitz 2024"]
[Site "Innsbruck"]
[Date "2024.06.01"]
[Round "8.3"]
[White "Blohberger, Felix"]
[Black "Wohlfahrt, Herbert"]
[Result "1-0"]
[ECO "D02"]
[WhiteElo "2506"]
[BlackElo "2328"]
[Annotator "TA"]
[PlyCount "77"]
[EventDate "2024.06.01"]
[EventType "swiss"]
[EventCountry "AUT"]
[SourceTitle "playchess.com"]
[Source "ChessBase"]
[SourceQuality "1"]
[TimeControl "180+2"]

1. Nf3 Nf6 2. d4 d5 3. c3 Nbd7 4. Bf4 e6 5. e3 Bd6 6. Ne5 {[%emt 0:00:06] D02: 1 d4 d5 2 Nf3 sidelines, including 2...Nf6 3 g3 and 2...Nf6 3 Bf4.} O-O 7. Nd2 Re8 8. Bd3 Nf8 9. g4 N6d7 10. Qf3 $146 (10. g5 $14) ({Predecessor:} 10. g5 Qe7 11. h4 Bxe5 12. dxe5 c5 13. h5 c4 14. Bc2 Nc5 15. Nf3 b6 16. Nd4 {½-½ Gafke,M (1904)-Langmann,C (1930) EU-chT Seniors 10th 2008 (5.4)}) 10... Bxe5 $11 11. dxe5 b6 12. Qg3 (12. h4 $11 {remains equal.}) 12... Nc5 13. Be2 ({White should play} 13. Bc2 $15) 13... Ba6 (13... g5 $19 14. O-O-O gxf4 15. exf4 Kh8) 14. Bxa6 $15 Nxa6 15. h4 Nc5 16. Bg5 (16. b3 $11) 16... Qd7 $17 17. h5 (17. O-O $17) 17... Nd3+ (17... Qb5 $19 18. b3 Qd3) 18. Kf1 Qb5 (18... Nxb2 19. h6 g6 20. Qf3 $18) 19. Kg2 (19. b3 $17) 19... Qxb2 20. Nf3 (20. h6 {is a better defense.} gxh6 (20... Qxd2 21. hxg7 Kxg7 22. Bf6+ Kg8 23. Qh4 $11) 21. Bf6 Qxd2 22. Rxh6) 20... h6 (20... Qxc3 21. h6 g6 22. Bf6 $17) (20... Nd7 $19 {[%cal Od7c5] has better winning chances. ...N7c5! is the strong threat.} 21. h6 g6 (21... Qxc3 $2 22. hxg7 N3xe5 23. Rac1 $18)) 21. Bh4 (21. Bxh6 $17 gxh6 22. g5) 21... Nh7 $2 (21... Qxc3 22. g5 hxg5 23. Bxg5 $18) (21... Nd7 $19 {[%cal Od7c5] Hoping for ...N7c5!} 22. g5 Kh8) 22. g5 $15 hxg5 (22... Qxc3 23. gxh6 g6 24. hxg6 Kh8 25. gxh7) 23. Nxg5 (23. Bxg5 $17 Kh8 (23... Qxc3 $2 24. Bh6 $18) 24. h6) 23... Nxg5 $2 ({Better is} 23... Qxc3 $19 {And now ...Nxg5 would win.} 24. Nf3 c5) 24. Bxg5 $11 Kh7 $1 (24... Qxc3 25. Bf6) 25. h6 $1 g6 (25... Qxc3 26. hxg7+ Kg6 27. Bf6+ Kf5 28. Rh5+ Ke4 29. Qf3#) 26. Qf3 $1 Rf8 $2 ({Weaker is} 26... Qxc3 27. Qxf7+ Kh8 28. Qg7#) (26... Nxe5 $2 27. Qf6 Rg8 28. Qxe5 $18) (26... f5 $1 $11 {and Black stays safe.} 27. exf6 Rf8) 27. Qf6 $18 Qxf2+ 28. Qxf2 Nxf2 29. Kxf2 c5 $2 (29... a6 30. c4 c6) 30. a4 a6 31. Rhb1 Rfb8 32. Ke2 Rb7 33. Kd3 Rc8 34. Rb2 Rc6 35. Rab1 Rb8 36. e4 Rb7 37. Ke3 Rb8 38. Rd1 dxe4 39. Kxe4 (39. Rd7 $142 Rf8 40. Rf2 (40. Kxe4 Kh8 $18) 40... Rcc8 41. Rfxf7+ (41. Rdxf7+ Rxf7 42. Rxf7+ Kg8 43. Rg7+ Kh8 44. Bf6 Rf8 45. Re7+ Rxf6 46. exf6 g5 47. Rg7 b5 48. f7 bxa4 49. f8=Q#) 41... Rxf7 42. Rxf7+ Kg8 43. Rg7+ Kh8 44. Bf6 (44. Kxe4 Rf8 45. Bf6 c4 46. Re7+ Rxf6 47. exf6 g5 48. Rg7 a5 49. f7 g4 50. f8=Q#)) 1-0

[Event "Austria Championship Blitz 2024"]
[Site "Innsbruck"]
[Date "2024.06.01"]
[Round "8.4"]
[White "Shengelia, David"]
[Black "Blaas, Hansjoerg"]
[Result "1-0"]
[ECO "D04"]
[WhiteElo "2465"]
[BlackElo "2222"]
[Annotator "TA"]
[PlyCount "59"]
[EventDate "2024.06.01"]
[EventType "swiss"]
[EventCountry "AUT"]
[SourceTitle "playchess.com"]
[Source "ChessBase"]
[SourceQuality "1"]
[TimeControl "180+2"]

1. d4 d5 2. Nf3 Nf6 3. e3 c5 4. dxc5 Nc6 5. a3 a5 6. Bb5 e6 7. c4 Bxc5 8. Nc3 {[%emt 0:00:01] The position is equal.} O-O 9. cxd5 exd5 10. O-O Bg4 11. h3 Bh5 12. Be2 Qd7 13. Bd2 Rad8 14. Rc1 Ba7 15. Nb5 {[%emt 0:00:02] [#] And now Nxa7 would win.} Bb8 16. Nfd4 Bxe2 17. Qxe2 Ne4 18. Rfd1 Ne5 $2 {[%emt 0:00:14] Loses the game.} (18... f5 $11 {and Black stays safe.}) 19. Bxa5 $18 Rc8 20. Bb4 Rfe8 21. Nc3 Nxc3 22. Rxc3 Rxc3 23. Bxc3 Qd6 (23... Rd8 {was called for.} 24. Qb5 Qxb5 25. Nxb5 Nc6) 24. Nf3 Nxf3+ 25. Qxf3 Rd8 26. Rd4 $40 {[%emt 0:00:01][%mdl 128] Black is in trouble. Active counter play!} Qh2+ 27. Kf1 Qh1+ $2 (27... Qd6 {was worth a try.} 28. Rg4 g6) 28. Ke2 {[%emt 0:00:01][%cal Od4g4] [#] Intending Rg4! and mate. White is clearly winning.} Qb1 29. g3 (29. Rxd5 Qc2+ 30. Ke1 Bc7) 29... Qa2 (29... Rd6 $142 30. Rxd5 h5 31. Qxh5 (31. Rxh5 $2 Qd1#) (31. Qf5 Qxf5 32. Rxf5 h4 $18) 31... Qc2+ 32. Kf3 Qa4) 30. Rg4 {[%emt 0:00:04] Weighted Error Value: White=0.08 (flawless) /Black=0.40.  Loses game:     	---       	Black=1      Mistake:       	---       	Black=3      Inaccurate:     	White=2     	---        OK:         	White=7     	Black=10     Best:        	White=2     	Black=1} 1-0

[Event "Austria Championship Blitz 2024"]
[Site "Innsbruck"]
[Date "2024.06.01"]
[Round "8.5"]
[White "Lerch, Johannes"]
[Black "Kienboeck, Benjamin"]
[Result "1-0"]
[ECO "B10"]
[WhiteElo "2208"]
[BlackElo "2187"]
[Annotator "RC"]
[PlyCount "73"]
[EventDate "2024.06.01"]
[EventType "swiss"]
[EventCountry "AUT"]
[SourceTitle "playchess.com"]
[Source "ChessBase"]
[SourceQuality "1"]
[TimeControl "180+2"]

1. e4 c6 2. Nf3 d5 3. d3 dxe4 4. dxe4 Qxd1+ 5. Kxd1 Nf6 6. Nfd2 e5 7. f3 Nfd7 8. a4 Be7 9. Bc4 g5 10. h3 h5 11. Ke2 Nc5 12. Nb3 Nbd7 13. N1d2 Ne6 14. Bxe6 fxe6 15. a5 Kf7 16. Nc4 Rg8 17. Ne3 Nf6 18. g4 Bd6 19. Nc4 Bc7 20. Bd2 Nd7 21. gxh5 b5 22. axb6 Nxb6 23. Nxb6 Bxb6 24. Be3 Bb7 25. Rhd1 Rad8 26. Bxb6 axb6 27. Ra7 Rxd1 28. Rxb7+ Kf6 29. Kxd1 Rh8 30. Rxb6 Rxh5 31. Rxc6 Rxh3 32. Ke2 Rh2+ 33. Ke3 Rh3 34. Kf2 Rh2+ 35. Kg3 Re2 36. Nc5 Rxc2 37. Nd7+ 1-0

[Event "Austria Championship Blitz 2024"]
[Site "Innsbruck"]
[Date "2024.06.01"]
[Round "8.6"]
[White "Balint, Peter"]
[Black "Myagmarsuren, Mandukhai"]
[Result "1-0"]
[ECO "C88"]
[WhiteElo "2343"]
[BlackElo "2092"]
[Annotator "RC"]
[PlyCount "51"]
[EventDate "2024.06.01"]
[EventType "swiss"]
[EventCountry "AUT"]
[SourceTitle "playchess.com"]
[Source "ChessBase"]
[SourceQuality "1"]
[TimeControl "180+2"]

1. e4 e5 2. Nf3 Nc6 3. Bb5 a6 4. Ba4 Nf6 5. O-O Be7 6. d3 b5 7. Bb3 d6 8. c3 O-O 9. a4 Bb7 10. Re1 h6 11. Nbd2 Re8 12. Nf1 Bf8 13. Ne3 Na5 14. Ba2 d5 15. exd5 Nxd5 16. Ng4 b4 17. Ngxe5 bxc3 18. bxc3 Bd6 19. Bd2 Bxe5 20. Nxe5 Nc6 21. Nxf7 Qd7 22. Qf3 Nce7 23. Ne5 Qe6 24. Rab1 Rf8 25. Qg3 Qf5 26. Rxb7 1-0

[Event "Austria Championship Blitz 2024"]
[Site "Innsbruck"]
[Date "2024.06.01"]
[Round "8.7"]
[White "Wetscher, Wolfgang"]
[Black "Schnegg, Daniel"]
[Result "1/2-1/2"]
[ECO "A00"]
[WhiteElo "1937"]
[BlackElo "2115"]
[Annotator "RC"]
[PlyCount "138"]
[EventDate "2024.06.01"]
[EventType "swiss"]
[EventCountry "AUT"]
[SourceTitle "playchess.com"]
[Source "ChessBase"]
[SourceQuality "1"]
[TimeControl "180+2"]

1. c3 g6 2. Qc2 Bg7 3. d3 e6 4. Nd2 Ne7 5. e4 O-O 6. Ngf3 d6 7. Be2 b6 8. Nf1 Bb7 9. Ng3 Nd7 10. Bd2 d5 11. Qc1 Re8 12. Bh6 Bh8 13. Bd2 dxe4 14. dxe4 Nc5 15. Qc2 a5 16. Rd1 Qc8 17. O-O Ba6 18. Bxa6 Qxa6 19. Be3 Qb5 20. Nd4 Qa4 21. b3 Qd7 22. Ndf5 Qc8 23. Nxe7+ Rxe7 24. Bd4 Nd7 25. Bxh8 Kxh8 26. Rd2 Nc5 27. Rfd1 Qe8 28. f3 Qc6 29. Ne2 b5 30. Nc1 Qb6 31. Kh1 Rae8 32. Nd3 Nd7 33. Nf2 Qc6 34. c4 b4 35. Rd4 Nc5 36. R4d2 Kg8 37. Nd3 Nd7 38. Qb2 f6 39. Qc2 Kf7 40. Qb2 Nb6 41. Qc2 Rd7 42. Nf2 Red8 43. Rxd7+ Rxd7 44. Rxd7+ Qxd7 45. Qd3 e5 46. Qxd7+ Nxd7 47. Nd3 Ke6 48. Kg1 Kd6 49. Kf2 f5 50. Ke3 Nf8 51. exf5 gxf5 52. g4 e4 53. Nf4 exf3 54. gxf5 Ke5 55. Kxf3 Kxf5 56. Nd3 Ne6 57. Ke3 h6 58. h3 h5 59. c5 Kg5 60. Ke4 Kh4 61. Ke5 Nd8 62. Nf4 Kg5 63. Ne6+ Nxe6 64. Kxe6 Kh4 65. Kd7 Kxh3 66. Kxc7 Kg3 67. Kd7 h4 68. c6 h3 69. c7 h2 1/2-1/2

[Event "Austria Championship Blitz 2024"]
[Site "Innsbruck"]
[Date "2024.06.01"]
[Round "8.8"]
[White "Binder, Moriz"]
[Black "Cafasso, Elia"]
[Result "1-0"]
[ECO "D02"]
[WhiteElo "2210"]
[BlackElo "2178"]
[Annotator "RC"]
[PlyCount "64"]
[EventDate "2024.06.01"]
[EventType "swiss"]
[EventCountry "AUT"]
[SourceTitle "playchess.com"]
[Source "ChessBase"]
[SourceQuality "1"]
[TimeControl "180+2"]

1. d4 Nf6 2. Nf3 d5 3. g3 g6 4. Bg2 Bg7 5. O-O O-O 6. b4 c6 7. Bb2 Bf5 8. Nbd2 Nbd7 9. c4 Re8 10. a3 Ne4 11. Nh4 Nxd2 12. Qxd2 Nb6 13. cxd5 cxd5 14. Nxf5 gxf5 15. Qd3 e6 16. Bc1 Rc8 17. Bf4 Qd7 18. Rfc1 Nc4 19. a4 a6 20. a5 Rc6 21. Rab1 Rec8 22. h4 Bf8 23. Kh2 Bd6 24. Bxd6 Qxd6 25. b5 R6c7 26. Bf3 Nxa5 27. Rxc7 Rxc7 28. bxa6 Qxa6 29. Qd2 f6 30. Qh6 Rf7 31. Bh5 Rf8 32. Qf4 Qc6 1-0

[Event "Austria Championship Blitz 2024"]
[Site "Innsbruck"]
[Date "2024.06.01"]
[Round "8.9"]
[White "Polterauer, Chiara"]
[Black "Hengl, Philip"]
[Result "1/2-1/2"]
[ECO "B12"]
[WhiteElo "2136"]
[BlackElo "2173"]
[Annotator "RC"]
[PlyCount "113"]
[EventDate "2024.06.01"]
[EventType "swiss"]
[EventCountry "AUT"]
[SourceTitle "playchess.com"]
[Source "ChessBase"]
[SourceQuality "1"]
[TimeControl "180+2"]

1. e4 c6 2. d4 d5 3. e5 Bf5 4. h4 h5 5. Bg5 Qb6 6. Bd3 Bxd3 7. Qxd3 e6 8. Nd2 Nh6 9. Ne2 Nf5 10. O-O Qa6 11. Qf3 Nd7 12. g3 c5 13. c3 Rc8 14. a3 Be7 15. Bxe7 Nxe7 16. Rac1 Nf5 17. Nb3 g6 18. Nxc5 Rxc5 19. dxc5 Nxe5 20. Qf4 Qxe2 21. Kg2 Qe4+ 22. Qxe4 dxe4 23. Rce1 Nd3 24. Rxe4 Nxc5 25. Rc4 b6 26. b4 Nd6 27. Rd4 Ncb7 28. c4 Ke7 29. c5 bxc5 30. bxc5 Nxc5 31. Rc1 Nd7 32. Rcd1 Nb6 33. Rxd6 Nd5 34. Ra6 Rc8 35. Rxa7+ Kf6 36. Rd2 Rc3 37. a4 Ra3 38. a5 Kg7 39. a6 Kf6 40. Rb2 Ra4 41. Rbb7 Ra2 42. Rxf7+ Ke5 43. Rf3 Nb4 44. Re3+ Kf6 45. Rf3+ Ke5 46. Rb3 Rxa6 47. Rxa6 Nxa6 48. Rb5+ Kf6 49. f4 Nc7 50. Rb7 Nd5 51. Ra7 Ne3+ 52. Kf3 Nf5 53. Ra6 Nd4+ 54. Ke4 Nf5 55. Kf3 Nd4+ 56. Ke4 Nf5 57. Kf3 1/2-1/2

[Event "Austria Championship Blitz 2024"]
[Site "Innsbruck"]
[Date "2024.06.01"]
[Round "8.10"]
[White "Kranzl, Peter"]
[Black "Zanon, Magnus"]
[Result "1/2-1/2"]
[ECO "C07"]
[WhiteElo "2157"]
[BlackElo "2092"]
[Annotator "RC"]
[PlyCount "121"]
[EventDate "2024.06.01"]
[EventType "swiss"]
[EventCountry "AUT"]
[SourceTitle "playchess.com"]
[Source "ChessBase"]
[SourceQuality "1"]
[TimeControl "180+2"]

1. e4 e6 2. d4 d5 3. Nd2 c5 4. exd5 Qxd5 5. Ngf3 cxd4 6. Bc4 Qd7 7. Qe2 a6 8. Nb3 Nc6 9. Bd2 Nf6 10. O-O-O b5 11. Bd3 Bb7 12. Bg5 Be7 13. Nbxd4 O-O 14. Nxc6 Qxc6 15. Kb1 Rac8 16. Ne5 Qc7 17. Bxf6 Bxf6 18. Nd7 Rfd8 19. Nxf6+ gxf6 20. Qg4+ Kf8 21. Qh4 Ke7 22. f3 a5 23. Rhe1 a4 24. Bxh7 a3 25. Qb4+ Qc5 26. Qxc5+ Rxc5 27. Bd3 b4 28. b3 Rh8 29. h3 Rg8 30. Rd2 Rcg5 31. Ree2 Bxf3 32. Rf2 Rxg2 33. Rxg2 Rxg2 34. Rxg2 Bxg2 35. h4 f5 36. c3 bxc3 37. Kc2 e5 38. Bxf5 Kf6 39. Bd3 Ke6 40. Kxc3 f5 41. b4 Bb7 42. h5 e4 43. Bc4+ Kf6 44. Kd4 Kg5 45. Bf7 Ba6 46. Bc4 Bb7 47. b5 Kxh5 48. b6 Kg4 49. Bd5 Ba6 50. b7 Bxb7 51. Bxb7 Kf3 52. Bd5 Kf2 53. Bxe4 fxe4 54. Kxe4 Ke2 55. Kd4 Kd2 56. Kc4 Kc2 57. Kd4 Kb2 58. Kd3 Kxa2 59. Kc2 Ka1 60. Kc1 a2 61. Kc2 1/2-1/2

[Event "Austria Championship Blitz 2024"]
[Site "Innsbruck"]
[Date "2024.06.01"]
[Round "8.12"]
[White "Tumanyan, Gor"]
[Black "Mira, Helene"]
[Result "1-0"]
[ECO "B07"]
[WhiteElo "1992"]
[BlackElo "2047"]
[Annotator "RC"]
[PlyCount "141"]
[EventDate "2024.06.01"]
[EventType "swiss"]
[EventCountry "AUT"]
[SourceTitle "playchess.com"]
[Source "ChessBase"]
[SourceQuality "1"]
[TimeControl "180+2"]

1. e4 d6 2. d4 Nf6 3. Nc3 c6 4. g3 Qa5 5. Bg2 e5 6. Nge2 b5 7. O-O b4 8. Nb1 Ba6 9. Re1 Qb6 10. b3 Bxe2 11. Rxe2 exd4 12. e5 dxe5 13. Rxe5+ Be7 14. Qe2 Qc7 15. Bf4 Qd7 16. Bh3 Qd8 17. Nd2 Nd5 18. Re1 Nd7 19. Rxd5 cxd5 20. Bd6 O-O 21. Bxe7 Qc7 22. Bxf8 Rxf8 23. Bxd7 Qxd7 24. Nf3 Qg4 25. Ne5 Qf5 26. Qd3 Qe6 27. Nf3 Qc6 28. Nxd4 Qb7 29. Re3 g6 30. Qe2 Qb6 31. Nf3 d4 32. Re8 Rxe8 33. Qxe8+ Kg7 34. Qe5+ f6 35. Qxd4 Qc6 36. Ne1 a5 37. Qc4 Qe8 38. Kf1 Qd7 39. Kg1 Qd1 40. Qe4 h5 41. Kg2 Qb1 42. Qe7+ Kh6 43. Nf3 Qb2 44. Qe3+ g5 45. Qd3 Qxa2 46. Qd4 Kg6 47. Qe4+ Kg7 48. Qe7+ Kg6 49. Qe4+ Kh6 50. Qf5 Qb2 51. Qxa5 Qxc2 52. Qxb4 Qc6 53. Qf8+ Kh7 54. Qf7+ Kh6 55. Qc4 Qb7 56. Qc3 Kg6 57. Kg1 Qe4 58. b4 Qb1+ 59. Kg2 Qe4 60. Kf1 Qb1+ 61. Ne1 Qe4 62. Qc2 Kf5 63. Qxe4+ Kxe4 64. Ke2 Kd4 65. Nc2+ Kc4 66. b5 Kd5 67. Na3 Ke5 68. Nc4+ Kd5 69. Nd2 Kc5 70. Nf1 f5 71. h4 1-0

[Event "Austria Championship Blitz 2024"]
[Site "Innsbruck"]
[Date "2024.06.01"]
[Round "8.13"]
[White "Leonov, Leonid"]
[Black "Vrban, Damir"]
[Result "0-1"]
[ECO "B03"]
[WhiteElo "1739"]
[BlackElo "2151"]
[Annotator "RC"]
[PlyCount "58"]
[EventDate "2024.06.01"]
[EventType "swiss"]
[EventCountry "AUT"]
[SourceTitle "playchess.com"]
[Source "ChessBase"]
[SourceQuality "1"]
[TimeControl "180+2"]

1. e4 Nf6 2. e5 Nd5 3. c4 Nb6 4. d4 d6 5. f4 g6 6. Nc3 Bg7 7. Be3 Be6 8. d5 Bf5 9. Nf3 Bg4 10. Bd4 O-O 11. Bd3 c6 12. O-O cxd5 13. cxd5 dxe5 14. Bxe5 Nxd5 15. Nxd5 Qxd5 16. Bxg7 Kxg7 17. Qe2 Nc6 18. Rad1 Nd4 19. Qxe7 Nxf3+ 20. gxf3 Bxf3 21. Be2 Qf5 22. Bxf3 Rfe8 23. Qxb7 Rab8 24. Qxa7 Rxb2 25. Qd4+ Qf6 26. Qxf6+ Kxf6 27. Rf2 Rb4 28. Bd5 Re3 29. Kg2 Ra4 0-1

[Event "Austria Championship Blitz 2024"]
[Site "Innsbruck"]
[Date "2024.06.01"]
[Round "8.14"]
[White "Gschiel, Alexander"]
[Black "Guba, Viktor"]
[Result "1-0"]
[ECO "E94"]
[WhiteElo "2355"]
[BlackElo "1891"]
[Annotator "RC"]
[PlyCount "82"]
[EventDate "2024.06.01"]
[EventType "swiss"]
[EventCountry "AUT"]
[SourceTitle "playchess.com"]
[Source "ChessBase"]
[SourceQuality "1"]
[TimeControl "180+2"]

1. d4 Nf6 2. c4 g6 3. Nc3 Bg7 4. e4 O-O 5. Be2 d6 6. Nf3 e5 7. d5 Na6 8. O-O Nc5 9. Qc2 a5 10. Be3 Ncd7 11. a3 Ne8 12. Nd2 Ndf6 13. f3 Nh5 14. b4 f5 15. c5 fxe4 16. Ndxe4 Nf4 17. Rac1 axb4 18. axb4 Nf6 19. cxd6 cxd6 20. Bc4 Bf5 21. Qb3 Bh6 22. Nxf6+ Qxf6 23. Ne4 Bxe4 24. fxe4 Qg5 25. Bxf4 Rxf4 26. Bd3 Raf8 27. g3 Rxf1+ 28. Rxf1 Qe3+ 29. Kg2 Rxf1 30. Kxf1 Qf3+ 31. Ke1 Be3 32. Be2 Qxe4 33. Qc3 Qh1+ 34. Bf1 Qe4 35. Qc8+ Kg7 36. Qxb7+ Kh6 37. Be2 Qb1+ 38. Bd1 Qe4 39. Qb5 Bc5+ 40. Kf1 Bxb4 41. Be2 Bc5 1-0

[Event "Austria Championship Blitz 2024"]
[Site "Innsbruck"]
[Date "2024.06.01"]
[Round "8.15"]
[White "Kuzmanovic, Zeljko"]
[Black "Keferboeck, Jewgeni"]
[Result "1/2-1/2"]
[ECO "A35"]
[WhiteElo "1866"]
[BlackElo "1957"]
[Annotator "RC"]
[PlyCount "85"]
[EventDate "2024.06.01"]
[EventType "swiss"]
[EventCountry "AUT"]
[SourceTitle "playchess.com"]
[Source "ChessBase"]
[SourceQuality "1"]
[TimeControl "180+2"]

1. Nf3 c5 2. c4 Nc6 3. Nc3 Nf6 4. e3 d5 5. d4 cxd4 6. exd4 g6 7. cxd5 Nxd5 8. h3 Bg7 9. Nxd5 Qxd5 10. Be3 O-O 11. Qd2 Rd8 12. Rd1 Qxa2 13. Be2 e5 14. d5 Be6 15. dxe6 Rxd2 16. exf7+ Qxf7 17. Nxd2 Kh8 18. O-O Rd8 19. Bc4 Qc7 20. Ba2 Nb4 21. Rc1 Qb8 22. Be6 Nd3 23. Rc2 b6 24. Ne4 Nc5 25. Bxc5 bxc5 26. Ng5 Re8 27. Nf7+ Kg8 28. Bc4 Kf8 29. Ng5 h6 30. Ne6+ Kf7 31. Nxg7+ Kxg7 32. Re1 Re7 33. Rce2 Qc7 34. b3 a5 35. f4 e4 36. Rxe4 Rxe4 37. Rxe4 Qd6 38. Kh2 g5 39. Re6 Qxf4+ 40. Kg1 a4 41. Re7+ Kf8 42. Rf7+ Qxf7 43. Bxf7 1/2-1/2

[Event "Austria Championship Blitz 2024"]
[Site "Innsbruck"]
[Date "2024.06.01"]
[Round "8.16"]
[White "Schranzhofer, Marco"]
[Black "Horvath, Reka"]
[Result "0-1"]
[ECO "B53"]
[WhiteElo "1908"]
[BlackElo "2009"]
[Annotator "RC"]
[PlyCount "102"]
[EventDate "2024.06.01"]
[EventType "swiss"]
[EventCountry "AUT"]
[SourceTitle "playchess.com"]
[Source "ChessBase"]
[SourceQuality "1"]
[TimeControl "180+2"]

1. e4 c5 2. Nf3 d6 3. d4 cxd4 4. Qxd4 a6 5. c4 Nc6 6. Qe3 Nf6 7. h3 g6 8. Nc3 Bg7 9. Be2 O-O 10. O-O Be6 11. Rb1 Rc8 12. b3 Qa5 13. Bd2 Qc7 14. Rbc1 Qb8 15. Nd5 Nd7 16. Rfd1 Rfe8 17. Bc3 Nde5 18. Nxe5 Bxe5 19. Bxe5 Nxe5 20. f4 Nd7 21. Bg4 Bxg4 22. hxg4 b5 23. f5 bxc4 24. fxg6 hxg6 25. bxc4 Ne5 26. Qe2 Qa7+ 27. Qe3 Qc5 28. Qxc5 Rxc5 29. Ne3 Rec8 30. Rd5 Kf8 31. Rxc5 Rxc5 32. Rc3 Ke8 33. Kf2 Kd7 34. a3 Kc6 35. Ke2 e6 36. Kd2 Nd7 37. Kd3 Nb6 38. Kd2 Re5 39. Kd3 Na4 40. Rc2 Nc5+ 41. Kd2 Nxe4+ 42. Ke2 Rc5 43. Rc1 d5 44. cxd5+ exd5 45. Rf1 Ng3+ 46. Kf2 Nxf1 47. Kxf1 Rc3 48. Nd1 Rxa3 49. Kf2 Ra2+ 50. Kf3 d4 51. Nf2 Rxf2+ 0-1

[Event "Austria Championship Blitz 2024"]
[Site "Innsbruck"]
[Date "2024.06.01"]
[Round "8.18"]
[White "Teuschler, Barbara"]
[Black "Neuschmied, Siegfried"]
[Result "1-0"]
[ECO "B09"]
[WhiteElo "2040"]
[BlackElo "2234"]
[Annotator "RC"]
[PlyCount "63"]
[EventDate "2024.06.01"]
[EventType "swiss"]
[EventCountry "AUT"]
[SourceTitle "playchess.com"]
[Source "ChessBase"]
[SourceQuality "1"]
[TimeControl "180+2"]

1. e4 g6 2. d4 Bg7 3. Nc3 d6 4. f4 Nf6 5. Nf3 O-O 6. e5 dxe5 7. fxe5 Nd5 8. Bc4 Nb6 9. Bb3 Nc6 10. O-O Bg4 11. Be3 Na5 12. h3 Nac4 13. Bf2 Nxb2 14. Qe2 Bxf3 15. gxf3 Qd7 16. Kh2 N2a4 17. Nxa4 Nxa4 18. e6 Qc6 19. exf7+ Kh8 20. Qxe7 Nb6 21. Rae1 a5 22. a4 Nxa4 23. Bg3 Rac8 24. Be5 Nb6 25. Bxg7+ Kxg7 26. Qe5+ Qf6 27. Qxa5 Ra8 28. Qc5 Rac8 29. Re6 Qf4+ 30. Kh1 Qg3 31. Qe5+ Kh6 32. Qxg3 1-0